 Dungeon Crawl Stone Soup version 0.25-a0-55-g0753fd1ad2 (webtiles) character file.

Game seed: 10282907683505650871, levelgen mode: deterministic

211 Analysis the Archer (level 5, -1/46 HPs)
             Began as a Centaur Hunter on Oct 25, 2019.
             Slain by a mummy (13 damage)
             ... in an ossuary.
             The game lasted 00:21:28 (4156 turns).

Analysis the Archer (Centaur Hunter)                Turns: 4156, Time: 00:21:34

Health: -1/46      AC:  4    Str: 15    XL:     5   Next: 57%
Magic:  5/5        EV:  9    Int: 10    God:
Gold:   95         SH:  0    Dex: 16    Spells: 4/4 levels left

rFire    . . .     SeeInvis .   b - +0 short sword
rCold    . . .     Gourm    .   (no shield)
rNeg     . . .     Faith    .   c - +0 leather armour
rPois    .         Spirit   .   (no helmet)
rElec    .         Reflect  .   (no cloak)
rCorr    .         Harm     .   (no gloves)
MR       .....                  (no barding)
Stlth    +.........             j - amulet of regeneration
HPRegen  0.55/turn              m - +6 ring of dexterity
MPRegen  0.09/turn              (no ring)

@: very quick
A: large, hooves 3, deformed body, speed 2, tough skin 3
a: no special abilities


You were in an ossuary.
You were not hungry.

You visited 1 branch of the dungeon, and saw 4 of its levels.
You also visited: Ossuary.

You collected 95 gold pieces.

Inventory:

Hand Weapons
 a - a +1 shortbow
 b - a +0 short sword (weapon)
Missiles
 d - 15 arrows
Armour
 c - a +0 leather armour (worn)
Jewellery
 j - an amulet of regeneration (around neck)
 m - a +6 ring of dexterity (left hand)
Scrolls
 e - 2 scrolls of teleportation {unknown}
 g - 3 scrolls of identify
 h - a scroll of random uselessness {unknown}
 i - 2 scrolls of enchant armour {unknown}
 l - a scroll of blinking {unknown}
 q - a scroll of immolation {unknown}
 s - a scroll of remove curse {unknown}
Potions
 n - a potion of resistance {unknown}
 o - 2 potions of ambrosia {unknown}
 p - a potion of haste {unknown}
 r - 2 potions of mutation {unknown}
Comestibles
 f - 6 rations
 k - 2 chunks of flesh


   Skills:
 + Level 3.6 Fighting
 * Level 8.1 Bows
 - Level 1.3 Dodging
 - Level 0.4 Stealth


You had 4 spell levels left.
You didn't know any spells.
Your spell library was empty.

Dungeon Overview and Level Annotations

Branches:
Dungeon (4/15)            Ossuary (1/1)
 Temple: D:4-7

Altars:

Annotations:
D:2 Natasha


Innate Abilities, Weirdness & Mutations

You have hooves in place of feet.
Armour fits poorly on your strangely shaped body.
You cover ground very quickly.
You have extremely tough skin. (AC +3)


Message History

The big kobold zombie is heavily damaged.
The mummy hits you! The big kobold zombie hits you.
The kobold zombie barely misses you. The mummy closely misses you.
You hit the big kobold zombie.
The big kobold zombie is heavily damaged.
The big kobold zombie barely misses you.
The kobold zombie hits you but does no damage.
The mummy hits you.
You hit the big kobold zombie.
The big kobold zombie is heavily damaged.
The mummy closely misses you.
The big kobold zombie hits you but does no damage.
The kobold zombie hits you but does no damage.
You puncture the big kobold zombie! You kick the big kobold zombie.
The big kobold zombie is almost destroyed.
The mummy hits you!
* * * LOW HITPOINT WARNING * * *
The kobold zombie hits you but does no damage.
The mummy hits you!
You die...

#....#
#....#
#....#
#....#
#....#
#.Z..#
#....#
#MZZ.#
#M@∩.#
######


You could see 2 mummies, a hobgoblin zombie, a kobold zombie and a big kobold
zombie.

Vanquished Creatures
  2 orc priests (D:3)
  An orc wizard (D:3)
  3 adders
  2 worms
  2 dart slugs
  10 orcs
  6 bats
  6 giant cockroaches
  4 goblins
  7 hobgoblins
  5 jackals (D:1)
  2 quokkas (D:3)
  6 frilled lizards
  15 kobolds
  A kobold zombie (Ossuary)
  10 rats
82 creatures vanquished.

Notes
Turn   | Place    | Note
-------+----------+-------------------------------------------
     0 | D:1      | Analysis the Centaur Hunter began the quest for the Orb.
     0 | D:1      | Reached XP level 1. HP: 17/17 MP: 1/1
   354 | D:1      | Reached XP level 2. HP: 21/24 MP: 2/2
   660 | D:1      | Reached skill level 6 in Bows
  1087 | D:1      | Reached XP level 3. HP: 15/30 MP: 3/3
  1408 | D:2      | Noticed Natasha
  2510 | D:2      | Reached XP level 4. HP: 28/37 MP: 4/4
  2810 | D:3      | Reached skill level 7 in Bows
  3034 | D:3      | Reached XP level 5. HP: 22/45 MP: 5/5
  3674 | D:3      | Reached skill level 8 in Bows
  4108 | D:4      | Found a sand-covered staircase.
  4113 | Ossuary  | Entered an ossuary
  4156 | Ossuary  | Slain by a mummy

Levels and vault maps discovered:
D:1:      wander_arrival_chamber, layout_basic
D:2:      layout_rooms, first_ration, uniq_natasha
D:3:      layout_loops_ring
D:4:      layout_rooms, marbit_many_paths, fedhas_altar_2, enter_ossuary_2,
          uniq_robin
Ossuary:  ossuary_tomb_3

Table legend:
 A = Non-vault XP
 B = Vault XP
 C = Vault XP percentage of total XP
 D = Non-vault monster count
 E = Vault monster count
 F = Vault count percentage of total count
                 A         B        C        D         E       F
            +---------+---------+-------+---------+---------+-------
      Total |     301 |       1 |   0.3 |      81 |       1 |   1.2
            +---------+---------+-------+---------+---------+-------
        D:1 |      46 |       0 |   0.0 |      25 |       0 |   0.0
        D:2 |      54 |       0 |   0.0 |      26 |       0 |   0.0
        D:3 |     195 |       0 |   0.0 |      28 |       0 |   0.0
        D:4 |       6 |       0 |   0.0 |       2 |       0 |   0.0
    Ossuary |       0 |       1 | 100.0 |       0 |       1 | 100.0
            +---------+---------+-------+---------+---------+-------
